AoeStats
← GeNeRaL

African Clearing

505528027Analyzed
3v3 RM · 24d ago on Sep 9, 2026· 40m 59s· 6 players
Game mode
Random Map
Map size
Normal (6 player)
Population
200
Speed
Normal
Resources
Standard
Victory
Conquest
Starting age
Dark Age
Ending age
Imperial Age
RankedLock teamsTeams togetherTeam positionsShared explorationLock speedFull tech treeHidden civsTurbo modeCheats
Victory
Defeat
🇷🇸 Spanish · Serbia
1564
+8
🇦🇱 Huns · Albania
1438
+12
🇦🇱 Vietnamese · Albania
1389
+14
🇲🇦 Maya · Morocco
1433
-14
🇨🇦 Vietnamese · Canada
1378
-12
🇫🇷 Franks · France
1258
-8
hikoko96
12:10 Feudal Age
12:44 Double-Bit Axe
13:09 Loom
22:34 Castle Age
23:44 Scale Barding Armor
24:55 Husbandry
25:32 Chain Barding Armor
27:12 Forging
37:31 Wheelbarrow
42:12 Imperial Age
Parov Stelar
3:56 Loom
12:42 Feudal Age
13:17 Double-Bit Axe
15:01 Fletching
18:28 Padded Archer Armor
24:58 Castle Age
25:05 Crossbowman
25:42 Bodkin Arrow
31:56 Ballistics
GeNeRaL
4:03 Loom
13:50 Feudal Age
17:22 Fletching
19:18 Gold Mining
19:50 Scale Mail Armor
23:28 Double-Bit Axe
30:41 Castle Age
28:51 Stone Mining
30:21 Wheelbarrow
Stratioti
12:21 Feudal Age
11:00 Loom
14:02 Double-Bit Axe
16:46 Castle Age
14:32 Double-Bit Axe
14:58 Horse Collar
15:30 Stone Mining
25:39 Wheelbarrow
25:24 Husbandry
27:36 Padded Archer Armor
28:16 Heavy Plow
28:39 Gold Mining
29:20 Bow Saw
29:06 Town Watch
31:22 Fletching
32:06 Hand Cart
37:58 Imperial Age
36:07 Leather Archer Armor
36:10 Bloodlines
36:37 Scale Barding Armor
37:53 Chain Barding Armor
39:12 Ring Archer Armor
39:20 Plate Barding Armor
38:05 Cavalier
39:11 Conscription
40:52 Forging
Necromancer
6:25 Loom
12:42 Feudal Age
14:37 Double-Bit Axe
16:48 Fletching
17:28 Padded Archer Armor
18:58 Gold Mining
25:34 Castle Age
24:11 Horse Collar
25:41 Crossbowman
26:22 Bodkin Arrow
30:40 Wheelbarrow
31:14 Stone Mining
31:27 Heavy Plow
31:38 Bow Saw
32:51 Leather Archer Armor
33:48 Ballistics
34:15 Hand Cart
38:28 Imperial Age
38:11 Thumb Ring
38:22 Stone Mining
40:41 Chemistry
39:43 Bracer
41:13 Ring Archer Armor
Pyrro
7:32 Loom
13:03 Feudal Age
15:32 Double-Bit Axe
17:19 Fletching
20:13 Padded Archer Armor
28:27 Castle Age
27:45 Wheelbarrow
27:46 Gold Mining
28:33 Crossbowman
31:57 Thumb Ring
33:06 Town Watch
33:35 Bow Saw
38:24 Ballistics
40:24 Hand Cart
Connection lost

Rejoining the realm…

Still unreachable

The connection could not be restored.

Session expired

The server has moved on; the page needs a fresh start.